 Dungeon Crawl Stone Soup version 0.27.0-1-g7a089689b8 (webtiles) character file.

Game seed: 270950799305325710

14704 MisterFreud the Basher (level 12, -10/77 HPs)
             Began as a Gargoyle Fighter on Aug 1, 2021.
             Was a High Priest of Okawaru.
             Killed from afar by Frances (52 damage)
             ... with an iron shot
             ... on level 11 of the Dungeon.
             The game lasted 00:20:31 (13672 turns).

MisterFreud the Basher (Gargoyle Fighter)          Turns: 13672, Time: 00:20:31

Health: -10/77     AC: 24    Str: 25    XL:     12   Next: 19%
Magic:  12/17      EV: 10    Int:  9    God:    Okawaru [*****.]
Gold:   457        SH: 15    Dex: 15    Spells: 11/11 levels left

rFire    . . .     SeeInvis .   d - +2 whip (elec)
rCold    . . .     Faith    .   c - +1 kite shield
rNeg     + . .     Spirit   .   y - +0 plate armour
rPois    ∞         Reflect  .   (no helmet)
rElec    +         Harm     .   C - +0 cloak
rCorr    .         Rampage  .   (no gloves)
Will     .....                  p - +0 pair of boots
Stlth    ..........             s - amulet of the acrobat
HPRegen  0.22/turn              u - +6 ring of dexterity
MPRegen  0.15/turn              (no ring)

@: heroic, finesse-ful, corroded
A: sickness immunity, AC +8, negative energy resistance 1, electricity
resistance, torment resistance 1, petrification resistance
a: Renounce Religion, Heroism, Finesse


You were on level 11 of the Dungeon.
You worshipped Okawaru.
Okawaru was extremely pleased with you.
You visited 2 branches of the dungeon, and saw 13 of its levels.
You also visited: Sewer.

You collected 617 gold pieces.
You spent 160 gold pieces at shops.

Inventory:

Hand Weapons
 a - a +0 flail
 d - a +2 whip of electrocution (weapon)
 G - a +0 morningstar
Missiles
 k - 6 boomerangs (quivered)
 w - 5 curare-tipped darts
 A - 61 poisoned darts
Armour
 b - a +0 scale mail
 c - a +1 kite shield (worn)
 j - a +0 chain mail
 m - the +0 scale mail of Light {Regen+ Int+3}
   (You found it on level 4 of the Dungeon)

   Int:       It affects your intelligence (+3).
   Regen:     It increases your rate of health regeneration.
 p - a +0 pair of boots (worn)
 y - a +0 plate armour (worn)
 C - a +0 cloak (worn)
Jewellery
 s - an amulet of the acrobat (around neck)
 u - a +6 ring of dexterity (left hand)
Wands
 o - a wand of polymorph (15)
 x - a wand of digging (5)
 E - a wand of flame (30)
Scrolls
 f - a scroll of noise {unknown}
 q - 4 scrolls of enchant weapon
 r - 2 scrolls of fear
 t - 2 scrolls of magic mapping {unknown}
 v - a scroll of amnesia
 z - a scroll of teleportation
 B - 3 scrolls of enchant armour
 F - 2 scrolls of acquirement {unknown}
Potions
 e - 3 potions of flight
 g - 3 potions of curing
 h - 3 potions of haste
 i - 5 potions of lignification
 l - a potion of mutation
 n - a potion of invisibility
 D - a potion of heal wounds


   Skills:
 + Level 9.7(14.7) Fighting
 + Level 11.2(16.2) Maces & Flails
 + Level 9.7(14.7) Armour
 + Level 9.7(14.7) Shields
 * Level 7.1 Invocations
 + Level 2.2 Evocations


You had 11 spell levels left.
You didn't know any spells.
Your spell library contained the following spells:

 Spells                   Type           Power      Damage    Failure   Level
 Pain                     Necr           0%         1d4       97%         1
 Slow                     Hex            0%         N/A       99%         2
 Confusing Touch          Hex            0%         N/A       100%        3
 Ignite Poison            Fire/Tmut/Pois 0%         N/A       100%        3
 Mephitic Cloud           Conj/Pois/Air  0%         N/A       100%        3
 Summon Guardian Golem    Hex/Summ       0%         N/A       100%        3
 Vampiric Draining        Necr           0%         2d6       100%        3
 Agony                    Necr           0%         N/A       100%        5
 Bolt of Magma            Conj/Fire/Erth 0%         4d4       100%        5
 Excruciating Wounds      Necr           0%         N/A       100%        5
 Orb of Destruction       Conj           0%         N/A       100%        7
 Spellforged Servitor     Conj/Summ      0%         N/A       100%        7


Dungeon Overview and Level Annotations

Branches:
Dungeon (12/15)            Temple (1/1) D:6            Lair (0/6) D:8
  Sewer (visited)
    Orc: D:9-12

Altars:
Ashenzari
Cheibriados
Dithmenos
Elyvilon
Fedhas
Gozag
Hepliaklqana
Kikubaaqudgha
Makhleb
Nemelex Xobeh
Okawaru
Qazlal
Ru
Sif Muna
Trog
Uskayaw
Vehumet
Wu Jian
Xom
Yredelemnul
Zin
The Shining One

Shops:
D:4 [*(   D:5 *

Annotations:
D:11 Frances


Innate Abilities, Weirdness & Mutations

You are immune to sickness and miasma.
Your stone body is resilient. (AC +8)
You are immune to poison.
You resist negative energy. (rN+)
You are resistant to electric shocks. (rElec)
You are resistant to unholy torment.
You are immune to petrification.


Message History

Frances is heavily wounded.
You hit Frances but do no damage.
Frances is heavily wounded.
Frances hits you with a +1 long sword of protection.
You closely miss Frances.
Frances is moderately wounded.
You hit Frances.
Frances is heavily wounded.
You hit Frances but do no damage. Lightning courses through Frances!!
Frances is heavily wounded.
You hit Frances but do no damage. Lightning courses through Frances!
Frances is severely wounded.
Your plate armour prevents you from hitting Frances.
Frances is severely wounded.
Frances mutters in a terrible tongue.
You closely miss Frances.
Frances is severely wounded.
You hit Frances but do no damage. Lightning courses through Frances!!
Frances is severely wounded.
You block Frances's attack. You block the ice devil's attack.
You climb upwards.
The ice devil disappears in a puff of smoke! x2
There is a stone staircase leading down here.
You barely miss Frances.
Frances is severely wounded.
Frances drinks a potion.
Frances is healed!
You hit Frances.
Frances is severely wounded.
You hit Frances but do no damage.
Frances is severely wounded.
You hit Frances.
Frances is severely wounded.
You closely miss Frances.
Frances is severely wounded.
You whack Frances!
Frances is almost dead.
Frances chants phrases taken from a devil's mouth.
The iron shot hits you!!!
Ouch! That really hurt!
You die...

#..........####..####......# #
##...........#...## #.......## #
#..........#...### ##........#
#.........##..## #.........##
##........##...## #..........#
#.........#.....# ##..........##
##..............##
#............#
##.............@###..>.........#
##...........#@.##............#
##.........###.##............#
## ##........##
#..#............# .###....#...##
##..............# ......##...##
##<............# .....###...#
##............# ...####...##
#............# ..## #...##
#............# ### ##....##
#...<........#


You could see Frances.

Vanquished Creatures
  Erolcha (D:10)
  2 boulder beetles (D:11)
  2 two-headed ogres
  Erica (D:9)
  4 skeletal warriors (D:11)
  4 centaur zombies
  A gargoyle (D:11)
  An unseen horror (D:10)
  Psyche (D:8)
  A komodo dragon (D:11)
  A troll (D:10)
  Grinder (D:3)
  3 wraiths
  6 yaks
  A vampire (D:12)
  4 vampire mosquitoes
  2 acid dragons (D:11)
  5 water moccasins
  An orc warrior (D:6)
  3 black bears
  2 ice beasts
  A sky beast (D:5)
  6 centaurs
  A phantom (D:6)
  2 ogres
  7 kobold brigands
  A wyvern zombie (D:9)
  5 bullfrogs
  2 scorpions (D:5)
  4 killer bees (D:10)
  A howler monkey (D:6)
  A crimson imp (D:5)
  3 bullfrog zombies
  2 jellies
  2 orc priests (D:6)
  2 hounds
  2 bullfrog skeletons
  3 iguanas
  6 orc wizards
  A killer bee zombie (D:5)
  A hound skeleton (D:2)
  2 howler monkey skeletons (D:5)
  2 river rats (Sewer)
  7 adders
  A white imp (D:5)
  2 dart slugs (D:3)
  22 orcs
  5 bats
  6 endoplasms
  4 giant cockroaches
  6 hobgoblins
  3 jackals
  40 kobolds
  4 quokkas
  7 ball pythons
  3 frilled lizards (D:1)
  4 goblins
  7 rats
225 creatures vanquished.

Notes
Turn   | Place    | Note
-------+----------+-------------------------------------------
     0 | D:1      | MisterFreud the Gargoyle Fighter began the quest for the
                  | Orb.
     0 | D:1      | Reached XP level 1. HP: 14/14 MP: 1/1
   210 | D:1      | Reached XP level 2. HP: 10/19 MP: 2/2
   466 | D:1      | Reached skill level 3 in Maces & Flails
   735 | D:1      | Found a faded altar of an unknown god.
   966 | D:1      | Reached XP level 3. HP: 21/23 MP: 3/3
  1232 | D:2      | Reached skill level 4 in Maces & Flails
  1526 | D:3      | Reached XP level 4. HP: 13/28 MP: 4/4
  2027 | D:3      | Found a glowing drain.
  2043 | Sewer    | Entered a sewer
  2050 | Sewer    | Reached skill level 5 in Maces & Flails
  2050 | Sewer    | Reached XP level 5. HP: 30/32 MP: 5/5
  2149 | Sewer    | Noticed a kobold brigand
  2178 | Sewer    | Killed a kobold brigand
  2411 | Sewer    | Found a glowing silver altar of Zin.
  2471 | D:3      | Noticed Grinder
  2486 | D:3      | Killed Grinder
  2487 | D:3      | Reached skill level 7 in Maces & Flails
  2487 | D:3      | Reached XP level 6. HP: 24/37 MP: 6/6
  2666 | D:3      | Found a blossoming altar of Fedhas.
  2669 | D:3      | Found an ancient bone altar of Kikubaaqudgha.
  3038 | D:4      | Identified the +0 scale mail of Light {Regen+ Int+3}
  3062 | D:4      | Found a sacrificial altar of Ru.
  3307 | D:4      | Found Giralue's Antique Weapon Shop.
  3359 | D:4      | Found Xoimurch's General Store.
  3460 | D:4      | Reached XP level 7. HP: 41/41 MP: 7/7
  3468 | D:4      | Bought a scroll of enchant weapon for 75 gold pieces
  3468 | D:4      | Bought a scroll of fear for 35 gold pieces
  3625 | D:4      | Found Zeajean's Antique Armour Emporium.
  3726 | D:4      | Found a shimmering blue altar of Sif Muna.
  3818 | D:5      | Entered Level 5 of the Dungeon
  3856 | D:5      | Reached skill level 8 in Maces & Flails
  3936 | D:5      | Found Veda's CLEARANCE SALE! EVERYTHING MUST GO!.
  3950 | D:5      | Bought a potion of haste for 50 gold pieces
  4017 | D:5      | Reached skill level 9 in Maces & Flails
  4017 | D:5      | Reached XP level 8. HP: 38/46 MP: 8/8
  4409 | D:5      | Found a burning altar of Makhleb.
  4609 | D:5      | Found a radiant altar of Vehumet.
  4609 | D:5      | Found a bloodstained altar of Trog.
  4611 | D:5      | Found a shimmering altar of Xom.
  4618 | D:5      | Found a glowing silver altar of Zin.
  4618 | D:5      | Found an ornate altar of the Wu Jian Council.
  4618 | D:5      | Found a snail-covered altar of Cheibriados.
  4622 | D:5      | Found a glowing golden altar of the Shining One.
  4785 | D:6      | Reached skill level 5 in Fighting
  4785 | D:6      | Reached skill level 5 in Armour
  4785 | D:6      | Reached skill level 5 in Shields
  4785 | D:6      | Reached XP level 9. HP: 24/54 MP: 9/9
  5593 | D:6      | Found a staircase to the Ecumenical Temple.
  5613 | Temple   | Entered the Ecumenical Temple
  5677 | Temple   | Became a worshipper of Warmaster Okawaru
  5906 | D:8      | Noticed Psyche
  5934 | D:8      | Killed Psyche
  6454 | D:8      | Reached * piety under Okawaru
  6511 | D:8      | Found a staircase to the Lair.
  7277 | D:7      | Found a broken altar of Ashenzari.
  7724 | D:6      | Reached XP level 10. HP: 63/63 MP: 10/10
  8034 | D:7      | Reached skill level 1 in Invocations
  8863 | D:9      | Reached ** piety under Okawaru
  8935 | D:9      | Noticed Erica
  8951 | D:9      | Killed Erica
  8952 | D:9      | Reached skill level 10 in Maces & Flails
  8955 | D:9      | Reached *** piety under Okawaru
  9317 | D:10     | Entered Level 10 of the Dungeon
  9328 | D:10     | Noticed Erolcha
  9535 | D:10     | Killed Erolcha
  9535 | D:10     | Reached **** piety under Okawaru
  9666 | D:10     | Reached XP level 11. HP: 69/69 MP: 14/14
  9675 | D:10     | Noticed a two-headed ogre
  9684 | D:10     | Killed a two-headed ogre
 10709 | D:10     | Reached ***** piety under Okawaru
 11448 | D:11     | Noticed a two-headed ogre
 11454 | D:11     | Killed a two-headed ogre
 11455 | D:11     | Reached skill level 5 in Invocations
 11512 | D:11     | Noticed a boulder beetle
 11540 | D:11     | Killed a boulder beetle
 11758 | D:11     | Noticed Sonja
 11760 | D:11     | Noticed Sonja
 11760 | D:11     | Sonja changed into Sonja the acid dragon
 11768 | D:11     | Killed Sonja the acid dragon
 11865 | D:11     | Noticed a skeletal warrior
 11867 | D:11     | Noticed a skeletal warrior
 12259 | D:11     | Reached skill level 11 in Maces & Flails
 12488 | D:11     | You fall into a shaft and drop 1 floor!
 12580 | D:11     | Reached skill level 1 in Evocations
 12944 | D:11     | Noticed a skeletal warrior
 12945 | D:11     | Noticed a skeletal warrior
 12964 | D:11     | Killed a skeletal warrior
 12964 | D:11     | Received a gift from Okawaru
 12974 | D:11     | Killed a skeletal warrior
 12994 | D:11     | Killed a skeletal warrior
 12995 | D:11     | Reached XP level 12. HP: 66/76 MP: 10/17
 13094 | D:11     | Noticed a boulder beetle
 13118 | D:11     | Killed a boulder beetle
 13630 | D:12     | Noticed Frances
 13672 | D:11     | Killed from afar by Frances

Illustrated notes

Levels and vault maps discovered:
D:1:      psy_arrival_terrarium, layout_loops_ring,
          shapermc_ecumenical_altar_petra
D:2:      layout_basic
D:3:      layout_basic, grunt_temple_overflow_growth_and_decay,
          portal_sewer_entry_d, uniq_grinder
D:4:      layout_basic, old_standard_altar, mainiacjoe_overflow_brackets,
          serial_shops, nicolae_take_the_stairs, shop, nicolae_shop_behind_doors
D:5:      black_bear_nest_1, layout_basic, minitemple, makhleb_grotto_becter,
          nicolae_shop_clearance
D:6:      layout_basic, temple_fountains
D:7:      layout_rooms, ashenzari_conservatory_becter
D:8:      layout_cave_pods, dpeg_oklobed_lair, kennysheep_pointless_box,
          minmay_misc_feat_four_crosses, uniq_psyche
D:9:      layout_cave_pods, uniq_erica
D:10:     layout_stronghold, uniq_erolcha
D:11:     layout_cave_pods, minmay_liquid_box, chequers_serial_rivers_marsh,
          uniq_sonja
D:12:     layout_loops_ring, orc_0_dummy, nzn_wu_jian_council_hall, uniq_frances
Temple:   dpeg_three_leaves_temple

Skill      XL: |  1  2  3  4  5  6  7  8  9 10 11 12 |
---------------+-------------------------------------+-----
Maces & Flails | 3 4 5 7 9 10 11 | 11.2
Fighting       | 5 7 8 9 |  9.7
Armour         | 5 7 8 9 |  9.7
Shields        | 5 7 8 9 |  9.7
Invocations    | 4 6 7 |  7.1
Evocations     | 1 2 |  2.2

Action                   |  1- 3 |  4- 6 |  7- 9 | 10-12 || total
-------------------------+-------+-------+-------+-------++-------
Melee: Flail             |   129 |    10 |       |       ||   139
       Whip              |       |    91 |   387 |   599 ||  1077
       Unarmed           |       |       |     4 |       ||     4
Throw: Dart              |       |       |       |     3 ||     3
Invok: Heroism           |       |       |       |     5 ||     5
       Finesse           |       |       |       |     2 ||     2
Evoke: Wand              |       |       |       |     4 ||     4
  Use: Scroll            |     8 |       |     2 |     2 ||    12
       Potion            |     1 |       |     1 |     2 ||     4
Armor: Scale mail        |    61 |       |       |       ||    61
       Chain mail        |    47 |    40 |   115 |       ||   202
       Plate armour      |       |       |    67 |   239 ||   306
Dodge: Dodged            |    42 |    16 |    80 |   110 ||   248
Block: Kite shield       |    88 |    37 |   170 |   248 ||   543
